 Dungeon Crawl Stone Soup version 0.27.1-33-g824d729ab1 (webtiles) character file.

Game seed: 5336084645801030534

114 safid the Chopper (level 4, -1/40 HPs)
             Began as a Hill Orc Fighter on Dec 30, 2021.
             Slain by a kobold (4 damage)
             ... on level 4 of the Dungeon.
             The game lasted 00:02:13 (1167 turns).

safid the Chopper (Hill Orc Fighter)                Turns: 1167, Time: 00:02:14

Health: -1/40      AC:  7    Str: 19    XL:     4   Next: 98%
Magic:  4/4        EV:  7    Int:  8    God:
Gold:   77         SH:  9    Dex: 10    Spells: 3/3 levels left

rFire    . . .     SeeInvis .   a - +0 war axe
rCold    . . .     Faith    .   c - +0 kite shield
rNeg     . . .     Spirit   .   b - +0 scale mail
rPois    .         Reflect  .   (no helmet)
rElec    .         Harm     .   (no cloak)
rCorr    .         Rampage  .   (no gloves)
Will     .....                  (no boots)
Stlth    ..........             (no amulet)
HPRegen  0.13/turn              (no ring)
MPRegen  0.09/turn              (no ring)

@: mighty
A: no striking features
a: no special abilities


You were on level 4 of the Dungeon.
You visited 1 branch of the dungeon, and saw 3 of its levels.

You collected 77 gold pieces.

Inventory:

Hand Weapons
 a - a +0 war axe (weapon)
Armour
 b - a +0 scale mail (worn)
 c - a +0 kite shield (worn)
Jewellery
 j - a +4 ring of protection
Scrolls
 e - a scroll of enchant weapon {unknown}
 f - 2 scrolls of identify {unknown}
 g - 2 scrolls of magic mapping {unknown}
 h - a scroll of teleportation {unknown}
 k - 3 scrolls of noise {unknown}
Potions
 i - a potion of heal wounds {unknown}
 l - a potion of mutation {unknown}


   Skills:
 - Level 4.0 Fighting
 + Level 4.5 Axes
 - Level 4.0 Armour
 + Level 4.4 Shields


You had 3 spell levels left.
You didn't know any spells.
Your spell library was empty.

Dungeon Overview and Level Annotations

Branches:
Dungeon (2/15)

Altars:

Annotations:
D:2 Robin
D:4 Dowan


Message History

You hit Duvessa but do no damage.
Duvessa is moderately wounded.
Duvessa hits you with a +0 short sword.
A quokka comes into view.
You hit Duvessa.
Duvessa is moderately wounded.
You block Duvessa's attack. x2
You hit Duvessa but do no damage.
Duvessa is moderately wounded.
Duvessa hits you with a +0 short sword!
You are too injured to fight recklessly!
Unknown command.
You feel very mighty all of a sudden. You block Duvessa's attack.
You hit Duvessa.
Duvessa is heavily wounded.
Dowan smirks and points a slender finger.
You block Duvessa's attack.
Unknown command.
You barely miss Duvessa.
Duvessa is heavily wounded.
Duvessa hits you with a +0 short sword. x2
* * * LOW HITPOINT WARNING * * *
Unknown command.
Your shield and scale mail prevent you from hitting Duvessa.
Duvessa is heavily wounded.
Duvessa hits you with a +0 short sword.
* * * LOW HITPOINT WARNING * * *
You block Duvessa's attack.
Unknown command.
You slash Duvessa!
Duvessa is severely wounded.
Duvessa hits you with a +0 short sword.
* * * LOW HITPOINT WARNING * * *
Unknown command.
You slash Duvessa!
You kill Duvessa!
You hear a distant wail of despair.
The kobold hits you with a +0 short sword.
You die...

#..........#
#..........#
#..........
#......... #.....#.#
#### #...(.<.# ....
#####.....).########
#rK@)..>............
#.####..##.#.###.###
#. #..##.#.#...... #
#..##.#.#.#.###
#..##.#.#.#.##
#..##.#.#....#
#..##.#.###..#
#..##.#.. #..# #..#


You could see a quokka and a kobold.

Vanquished Creatures
  Duvessa (D:4)
  A centaur (D:4)
  An adder (D:2)
  A dart slug (D:1)
  2 endoplasms
  3 giant cockroaches (D:1)
  3 goblins
  2 hobgoblins (D:1)
  3 jackals (D:1)
  2 quokkas (D:1)
  A bat (D:1)
  2 frilled lizards (D:1)
  2 kobolds
  4 rats (D:1)
28 creatures vanquished.

Notes
Turn   | Place    | Note
-------+----------+-------------------------------------------
     0 | D:1      | safid the Hill Orc Fighter began the quest for the Orb.
     0 | D:1      | Reached XP level 1. HP: 19/19 MP: 1/1
    37 | D:1      | Reached XP level 2. HP: 24/27 MP: 2/2
    69 | D:1      | Found a faded altar of an unknown god.
   479 | D:1      | Reached XP level 3. HP: 24/33 MP: 3/3
   958 | D:2      | Noticed Robin
   958 | D:2      | You fall into a shaft and drop 2 floors!
   958 | D:4      | Noticed a centaur
   969 | D:4      | Killed a centaur
   970 | D:4      | Reached XP level 4. HP: 24/40 MP: 4/4
  1148 | D:4      | Noticed Dowan
  1153 | D:4      | Noticed Duvessa
  1167 | D:4      | Killed Duvessa
  1167 | D:4      | Slain by a kobold

Illustrated notes

Levels and vault maps discovered:
D:1:      ncdulo_wetmaze, layout_loops_cross, ebering_ecumenical_altar_petrified
D:2:      layout_rooms, serial_forest, infiniplex_forest_corner_1,
          infiniplex_forest_3_way, infiniplex_forest_zigzag_1,
          infiniplex_forest_clump_curved, infiniplex_forest_diagonal,
          infiniplex_forest_lined_room_2, infiniplex_forest_straight_1,
          infiniplex_forest_clump_double, infiniplex_forest_diagonal,
          roderic_serpentine_path, minmay_quantized, uniq_robin
D:4:      minmay_chambers_of_threes, layout_basic, uniq_duvessa

Skill      XL: |  1  2  3 |
---------------+----------+-----
Axes           | 3 4 |  4.5
Fighting       | 4 |  4.0
Armour         | 4 |  4.0
Shields        | 4 |  4.4

Action                   |  1- 3 |  4- 6 || total
-------------------------+-------+-------++-------
Melee: War axe           |    60 |    17 ||    77
  Use: Potion            |       |     1 ||     1
Armor: Scale mail        |    41 |     1 ||    42
Dodge: Dodged            |    25 |     1 ||    26
Block: Kite shield       |    45 |     9 ||    54
